 Dungeon Crawl Stone Soup version 0.29.1-1-gd02db6906a (webtiles) character file.

Game seed: 10703305681431707491

78 Aibolit the Trooper (level 4, 0/41 HPs)
             Began as a Hill Orc Fighter on Oct 8, 2022.
             Slain by a howler monkey (3 damage)
             ... on level 3 of the Dungeon.
             The game lasted 00:01:46 (1665 turns).

Aibolit the Trooper (Hill Orc Fighter)              Turns: 1665, Time: 00:01:46

Health: 0/41       AC:  8    Str: 20    XL:     4   Next: 36%
Magic:  4/4        EV:  9    Int:  8    God:
Gold:   44         SH:  4    Dex: 10    Spells: 3/3 levels left

rFire   . . .      SeeInvis .   a - +0 war axe
rCold   . . .      Faith    .   c - +0 buckler
rNeg    . . .      Spirit   .   b - +0 scale mail
rPois   .          Reflect  .   g - +0 helmet
rElec   .          Harm     .   i - scarf {+Inv}
rCorr   .          Rampage  .   (no gloves)
Will    .....                   (no boots)
Stlth   ..........              (no amulet)
HPRegen 0.13/turn               (no ring)
MPRegen 0.09/turn               (no ring)

@: lethally poisoned (0 -> -4)
A: no striking features
a: Evoke Invisibility


You were on level 3 of the Dungeon.
You visited 1 branch of the dungeon, and saw 3 of its levels.

You collected 44 gold pieces.

Inventory:

Hand Weapons
 a - a +0 war axe (weapon)
Armour
 b - a +0 scale mail (worn)
 c - a +0 buckler (worn)
 g - a +0 helmet (worn)
 i - a scarf of invisibility (worn)
Scrolls
 e - a scroll of torment {unknown}
 f - a scroll of teleportation {unknown}
 h - a scroll of magic mapping {unknown}
 n - a scroll of summoning {unknown}
 o - a scroll of enchant armour {unknown}
 p - a scroll of fog {unknown}
Potions
 d - a potion of might
 j - a potion of attraction {unknown}
 k - a potion of curing {unknown}
 l - a potion of cancellation {unknown}
 m - 2 potions of magic {unknown}


   Skills:
 + Level 4.3 Fighting
 + Level 3.7 Axes
 + Level 4.0 Armour
 + Level 4.0 Shields


You had 3 spell levels left.
You didn't know any spells.
Your spell library contained the following spells:

 Spells                   Type           Power      Damage    Failure   Level
 Stone Arrow              Conj/Erth      0%         3d7       99%         3
 Animate Armour           Summ/Erth      0%         N/A       100%        4
 Lehudib's Crystal Spear  Conj/Erth      0%         10d2      100%        8


Dungeon Overview and Level Annotations

Branches:
Dungeon (3/15)

Altars:


Message History

You are lethally poisoned!
The adder poisons you! The howler monkey closely misses you.
The adder bites you but does no damage. You block the adder's attack.
The howler monkey hits you but does no damage.
The adder bites you but does no damage.
You hit the howler monkey.
The howler monkey is heavily wounded.
You barely miss the adder. You hit the adder.
* * * LOW HITPOINT WARNING * * *
You feel very sick. The adder barely misses you. The howler monkey misses you.
The adder closely misses you. The adder bites you but does no damage.
The howler monkey misses you.
You slash the howler monkey!
The howler monkey is severely wounded.
You miss the adder. You slash the adder!
You kill the adder!
* * * LOW HITPOINT WARNING * * *
You feel very sick. The adder bites you but does no damage.
The howler monkey hoots and howls with incredible vigour!
The adder closely misses you.
You hear an angry hiss. x3
Your Armour skill increases to level 4!
Your Shields skill increases to level 4!
You completely miss the howler monkey.
The howler monkey is severely wounded.
You slash the adder!
* * * LOW HITPOINT WARNING * * *
You feel sick. You block the howler monkey's attack. The adder bites you.
* * * LOW HITPOINT WARNING * * *
The howler monkey hits you but does no damage.
The adder bites you but does no damage.
You barely miss the howler monkey.
The howler monkey is severely wounded.
You slash the adder!
You kill the adder!
* * * LOW HITPOINT WARNING * * *
You feel sick. The howler monkey hits you.
You die...

~~. ~~~ ~~♣♣
♣~.♣#♣
##♣♣♣~.♣.##
###@.♣P~♣♣..#
#.††h♣~.~♣..#
#...........#
#.........h.♣
###........♣~~.~~
#......<.~~.~~.
#........~~~≈≈~~
#.?.....♣~.~~~~~
#........P~~.~.~


You could see a howler monkey.

Vanquished Creatures
  Terence (D:2)
  4 adders (D:3)
  A worm (D:2)
  An orc (D:3)
  An endoplasm (D:2)
  A goblin (D:2)
  2 hobgoblins (D:2)
  3 jackals (D:3)
  4 kobolds (D:2)
  A ball python (D:2)
  2 bats (D:2)
  3 frilled lizards
  2 rats (D:2)
26 creatures vanquished.

Vanquished Creatures (others)
  A plant (D:3)
1 creature vanquished.

Grand Total: 27 creatures vanquished

Notes
Turn   | Place    | Note
-------+----------+-------------------------------------------
     0 | D:1      | Aibolit the Hill Orc Fighter began the quest for the Orb.
     0 | D:1      | Reached XP level 1. HP: 19/19 MP: 1/1
    44 | D:1      | You fall into a shaft and drop 1 floor!
   271 | D:2      | Reached XP level 2. HP: 27/27 MP: 2/2
   701 | D:2      | Noticed Terence
   709 | D:2      | Killed Terence
   710 | D:2      | Reached XP level 3. HP: 21/33 MP: 3/3
  1655 | D:3      | Reached XP level 4. HP: 30/40 MP: 4/4
  1665 | D:3      | Slain by a howler monkey

Illustrated notes

Levels and vault maps discovered:
D:1:      lemuel_arrival_funnel, layout_rooms,
          dreamdust_ecumenical_altar_angels_and_demons, minmay_misc_feat_tower,
          minmay_tromino_i2
D:2:      layout_basic, minmay_ruptured, uniq_terence
D:3:      layout_rooms, serial_bayou, serial_bayou_pond_b, serial_bayou_pond_d,
          serial_bayou_crossing, serial_bayou_shore_a

Skill      XL: |  1  2  3  4 |
---------------+-------------+-----
Axes           | 3 |  3.7
Fighting       | 4 |  4.3
Armour         | 4 |  4.0
Shields        | 4 |  4.0

Action                   |  1- 3 |  4- 6 || total
-------------------------+-------+-------++-------
Melee: War axe           |    59 |    11 ||    70
Armor: Scale mail        |    34 |    15 ||    49
Dodge: Dodged            |    31 |    20 ||    51
Block: Buckler           |    24 |     6 ||    30
